 Dungeon Crawl Stone Soup version 0.31-a0-986-g5e6e4ef867 (webtiles) character file.

Game seed: 8028351790059344137

9 croobank the Sneak (level 1, -1/18 HPs)
             Began as a Demigod Delver on Nov 4, 2023.
             Slain by a centaur (5 damage)
             ... on level 6 of the Dungeon.
             The game lasted 00:01:53 (308 turns).

croobank the Sneak (Demigod Delver)                  Turns: 308, Time: 00:01:54

Health: -1/18      AC:  3    Str: 13    XL:     1   Next: 86%
Magic:  0/0        EV: 12    Int: 18    God:
Gold:   30         SH:  0    Dex: 15    Spells: 0/0 levels left

rFire   . . .        a - +0 short sword
rCold   + + .        (no shield)
rNeg    . . .        b - +0 leather armour
rPois   .            (no helmet)
rElec   .            (no cloak)
rCorr   .            (no gloves)
SInv    .            (no boots)
Will    .....        (no amulet)
Stlth   +++          e - ring of Qaechyffi {rC++ MP-9 Int+6}
HPRegen 0.23/turn    (no ring)
MPRegen 0.07/turn

%: no passive effects
@: attractive
A: high MP 1, forlorn, divine attributes
a: no special abilities


You were on level 6 of the Dungeon.
You visited 1 branch of the dungeon, and saw 2 of its levels.

You collected 30 gold pieces.

Inventory:

Hand Weapons
 a - a +0 short sword (weapon)
Armour
 b - a +0 leather armour (worn)
Jewellery
 e - the ring of Qaechyffi (left hand) {rC++ MP-9 Int+6}
   (You found it on level 6 of the Dungeon)

   [ring of intelligence]

   Int+6:     It affects your intelligence (+6).
   rC++:      It greatly protects you from cold.
   MP-9:      It affects your magic capacity (-9).
Scrolls
 d - a scroll of revelation


   Skills:
 + Level 2.8 Fighting
 + Level 2.0 Short Blades
 + Level 2.0 Dodging
 + Level 4.6 Stealth


You couldn't memorise any spells.
You didn't know any spells.
Your spell library was empty.

Dungeon Overview and Level Annotations

Branches:
Dungeon (6/15)
 Temple: D:4-7


Innate Abilities, Weirdness & Mutations

You have an increased reservoir of magic. (+10% MP)
You shall have no god before yourself.
Your divine heritage dramatically boosts your attributes as you level up.


Message History

Your Dodging skill increases to level 2!
Found an ancient bone ring.
c - a ruby potion
e - the ring of Qaechyffi {rC++ MP-9 Int+6} Inscribe with what?
Okay, then.
You feel clever.
e - the ring of Qaechyffi (left hand) {rC++ MP-9 Int+6} HP restored.
Found a stone staircase leading down.
Your extra speed is starting to run out.
A centaur comes into view.
You open the door.
There is an open door here.
There is an open door here.
You feel yourself slow down.
The centaur shouts!
The centaur wields a +0 shortbow.
The centaur shoots an arrow.
The arrow completely misses you.
The centaur shoots an arrow.
The arrow misses you.
The centaur shoots an arrow.
The arrow misses you.
Found a stone staircase leading up.
The centaur shoots an arrow.
The arrow hits you!
There is a stone staircase leading down here.
The centaur unwields a +0 shortbow.
The centaur misses you. The centaur barely misses you.
You barely miss the centaur. The centaur hits you. The centaur kicks you.
It was a potion of attraction.
You feel attractive to monsters.
The centaur closely misses you. x2; The centaur hits you.
* * * LOW HITPOINT WARNING * * *
The centaur kicks you.
* * * LOW HITPOINT WARNING * * *
Your library has no spells.
You don't know any spells.
You hit the centaur.
The centaur is lightly wounded.
The centaur hits you.
You die...

.. . #.# . .. .. .#
..# ###.####.
...#..<.#.. #.#.##...
# ########...##.c#####
# #......###....@....#
# #............>.....#
# #..................#
###..................#
.............##+####.#
####.........##.# .#
##..........'..# #
##.#.........####
#.##.........#


You could see a centaur.

Vanquished Creatures
  An adder (D:6)
1 creature vanquished.

Notes
Turn   | Place    | Note
-------+----------+-------------------------------------------
     0 | D:5      | croobank the Demigod Delver began the quest for the Orb.
     0 | D:5      | Reached XP level 1. HP: 18/18 MP: 3/3
    26 | D:5      | Noticed a jelly
    26 | D:5      | Noticed a black bear
   161 | D:6      | Noticed an iguana
   266 | D:6      | Identified the ring of Qaechyffi {rC++ MP-9 Int+6}
   295 | D:6      | Noticed a centaur
   308 | D:6      | Slain by a centaur

Illustrated notes

Levels and vault maps discovered:
D:5:      layout_loops_cross, mainiacjoe_overflow_boulevard,
          gup_sewer_entry_bubbles, biasface_ghost_orc_armoury
D:6:      layout_basic, grunt_temple_overflow_forces_of_nature,
          minmay_temple_entry_drinking_statues, uniq_pikel

Skill      XL: |  1 |
---------------+----+-----
Short Blades   | 2 |  2.0
Dodging        | 2 |  2.0
Fighting       | |  2.8
Stealth        | |  4.6

Action                     || total
---------------------------++-------
  Melee: Short sword       ||    18
  Evoke: Wand              ||     3
    Use: Scroll            ||     2
         Potion            ||     2
 Armour: Leather armour    ||    25
  Dodge: Dodged            ||    20

Table legend: (Time is in decaauts)
 A = Elapsed time spent in this place.
 B = Non-inter-level travel time spent in this place.
 C = Inter-level travel time spent in this place.
 D = Time resting spent in this place.
 E = Time spent auto-exploring this place.
 F = Levels seen in this place.
 G = Mean time per level.
                   A        B        C        D        E       F      G
               +--------+--------+--------+--------+--------+-----+--------+
         Total |    287 |    287 |      0 |     74 |     84 |   2 |  143.5 |
       Dungeon |    287 |    287 |      0 |     74 |     84 |   2 |  143.5 |
               +--------+--------+--------+--------+--------+-----+--------+

Top non-repeatable levels by time:
     D:6: 249 daAuts
     D:5: 38 daAuts
